 Dungeon Crawl Stone Soup version 0.24.1-14-gf8d2b509d9 (console) character file.

Game seed: 10720734980576296464, levelgen mode: deterministic

8008 Kagalorn the Covert (level 11, 0/61 HPs)
             Began as an Octopode Venom Mage on July 22, 2020.
             Was an Elder of Sif Muna.
             Slain by an orc
             ... wielding a +0 trident
              (7 damage)
             ... on level 10 of the Dungeon.
             The game lasted 00:37:00 (11984 turns).

Kagalorn the Covert (Octopode Venom Mage)          Turns: 11984, Time: 00:37:00

Health: 0/61       AC:  4    Str: 10    XL:     11   Next: 24%
Magic:  21/23      EV: 18    Int: 21    God:    Sif Muna [****..]
Gold:   661        SH:  0    Dex: 12    Spells: 16/26 levels left

rFire    + . .     SeeInvis +   R - +4 scimitar (flame)
rCold    . . .     Gourm    .   (no shield)
rNeg     + . .     Faith    .   (helmet restricted)
rPois    .         Spirit   .   (no amulet)
rElec    .         Reflect  .   B - +2 ring of strength
rCorr    .         Harm     .   f - +3 ring of protection
MR       .....                  T - ring of flight
Stlth    +++++.....             V - ring of positive energy (curse)
HPRegen  0.20/turn              X - ring of see invisible
MPRegen  0.18/turn              L - ring of protection from fire
                                (no ring)
                                (no ring)

@: no status effects
A: almost no armour, stealthy swim, amphibious, 8 rings, constrict 8, camouflage
1, gelatinous body 1
a: Channel Magic, Forget Spell, Divine Exegesis, Renounce Religion, Evoke Flight


You were on level 10 of the Dungeon.
You worshipped Sif Muna.
Sif Muna was greatly pleased with you.
You were not hungry.

You visited 2 branches of the dungeon, and saw 11 of its levels.
You also visited: Sewer.

You collected 661 gold pieces.

Inventory:

Hand Weapons
 a - a +1 dagger of venom
 b - a +0 short sword of holy wrath
 u - a +2 mace of crushing
 z - a +1 short sword of venom
 D - a cursed -3 mace
 R - a +4 scimitar of flaming (weapon)
Missiles
 d - 223 stones
 e - 6 datura-tipped darts
 g - 35 sling bullets
 h - 120 arrows
 j - 22 boomerangs
 l - 48 bolts
 E - 36 poisoned darts (quivered)
Jewellery
 f - a +3 ring of protection (right tentacle)
 t - an uncursed ring of ice
 B - a +2 ring of strength (left tentacle)
 L - a ring of protection from fire (on tentacle)
 T - a ring of flight (on tentacle)
 V - a cursed ring of positive energy (on tentacle)
 X - a ring of see invisible (on tentacle)
Wands
 c - a wand of acid (2)
 i - a wand of clouds (5)
 A - a wand of iceblast (17)
 N - a wand of random effects (62)
 O - a wand of scattershot (4)
 S - a wand of flame (13)
 U - a wand of digging (6)
Scrolls
 m - a scroll of enchant weapon
 n - 5 scrolls of remove curse
 o - 2 scrolls of teleportation
 p - 4 scrolls of amnesia
 q - 3 scrolls of enchant armour
 v - 3 scrolls of magic mapping
 y - 2 scrolls of fog
 H - 4 scrolls of fear
 Q - 2 scrolls of blinking
Potions
 k - 3 potions of brilliance
 r - 2 potions of degeneration {unknown}
 w - a potion of berserk rage
 x - 4 potions of heal wounds {unknown}
 F - 5 potions of curing
 G - 2 potions of might {unknown}
 I - 4 potions of haste
 J - 3 potions of magic {unknown}
 K - a potion of ambrosia {unknown}
 M - 2 potions of mutation {unknown}
 P - a potion of lignification
Comestibles
 s - 14 rations


   Skills:
 + Level 9.1 Dodging
 - Level 10.0 Stealth
 + Level 8.4 Spellcasting
 - Level 2.0 Conjurations
 + Level 1.3 Hexes
 + Level 1.3 Summonings
 - Level 2.0 Air Magic
 - Level 5.0 Poison Magic
 + Level 9.0 Invocations


You had 16 spell levels left.
You knew the following spells:

 Your Spells              Type           Power        Failure   Level  Hunger
b - Poisonous Vapours     Pois/Air       ###...       2%          2    None
c - Mephitic Cloud        Conj/Pois/Air  ###.....     7%          3    None
d - Summon Mana Viper     Hex/Summ       ##......     77%         5    #####..

Your spell library contained the following spells:

 Spells                   Type           Power        Failure   Level  Hunger
 Sting                    Conj/Pois      ###.         1%          1    None
 Shock                    Conj/Air       ###.         3%          1    None
 Confusing Touch          Hex            ##....       4%          1    None
 Summon Butterflies       Summ           ##......     4%          1    None
 Summon Small Mammal      Summ           ##..         4%          1    None
 Animate Skeleton         Necr           N/A          8%          1    None
 Apportation              Tloc           #.....       8%          1    None
 Pain                     Necr           #...         8%          1    None
 Olgreb's Toxic Radiance  Pois           ####....     10%         4    ###....
 Call Canine Familiar     Summ           ##......     13%         3    None
 Regeneration             Chrm/Necr      #.........   22%         3    None
 Vampiric Draining        Necr           #.........   22%         3    None
 Venom Bolt               Conj/Pois      ###.......   45%         5    #####..
 Summon Ice Beast         Ice/Summ       ##......     50%         4    ###....
 Animate Dead             Necr           N/A          58%         4    ###....
 Summon Hydra             Summ           ##........   100%        7    #######


Dungeon Overview and Level Annotations

Branches:
Dungeon (10/15)            Temple (1/1) D:7            Lair (0/6) D:8
    Orc (0/2) D:9           Sewer (visited)

Altars:
Ashenzari
Cheibriados
Dithmenos
Elyvilon
Fedhas
Gozag
Hepliaklqana
Kikubaaqudgha
Makhleb
Nemelex Xobeh
Okawaru
Qazlal
Ru
Sif Muna
Trog
Uskayaw
Vehumet
Wu Jian
Xom
Yredelemnul
Zin
The Shining One

Shops:
D:9 [}[

Annotations:
D:3 3 runed translucent doors, Tartanist's ghost, amateur OpWz


Innate Abilities, Weirdness & Mutations

You cannot wear most types of armour.
You are very stealthy in the water. (Stealth+)
You are amphibious.
You can wear up to eight rings at the same time.
You can use your tentacles to constrict eight enemies at once.
Your skin changes colour to match your surroundings (Stealth+).
Your rubbery body absorbs attacks. (AC +1, EV +1)


Message History

You slash the three-headed hydra! You burn the three-headed hydra.
The three-headed hydra is moderately wounded.
The three-headed hydra completely misses you.
The three-headed hydra bites you.
* * * LOW HITPOINT WARNING * * *
All of the chunks of flesh in your inventory have rotted away.
You see here a spear.
The orc priest barely misses you. The orc priest misses you.
You riposte.
The orc shouts! x2
You hit the orc priest. You burn the orc priest. You grab the orc priest.
The orc priest is moderately wounded.
You release your grip on the orc priest.
The orc misses you. x2
The orc barely misses you.
The orc priest mumbles some strange prayers to Beogh against you.
Beogh smites you!
* * * LOW HITPOINT WARNING * * *
The orc hits you with a +0 trident!
You die...

#.................' ##'''##
#......####'###...# #.....P
##......#......#...# #.....≈
........#......#...# #..P..P
........#.<....#...########......
........#......#..........#.≈.≈.≈
#'####..#......#..........####K##
...>.#..#......#o..o....)...##.#
.....#..#......'@.DoK.#####.##.##
.....#..#...####......# . #[.K)..
.....#..#...#.........#.. +..[(..
...##..#####.........#.. #......
..#.................'. #..####
..#.................#.. #..#
#####.................#.. #..####
......................#####......
.................................


You could see a three-headed hydra, a big kobold, an orc priest and 2 orcs.

Vanquished Creatures
  Erolcha (D:9)
  Erica (D:8)
  Maurice (D:7)
  A troll (D:9)
  A hornet (D:9)
  2 dream sheep (D:10)
  2 hippogriffs
  7 yaks (D:10)
  A hungry ghost (D:8)
  An orc warrior (D:10)
  2 porcupines (D:8)
  An ice beast (D:6)
  6 black bears
  2 phantoms
  A necrophage (D:10)
  4 ogres
  2 centaurs
  4 crocodiles (D:8)
  3 big kobolds
  3 bullfrogs
  3 scorpions
  A howler monkey (D:4)
  2 centaur zombies
  2 crimson imps (D:6)
  5 hounds
  A jelly (D:9)
  6 orc priests
  13 orc wizards
  2 centaur skeletons
  7 worker ants
  Natasha (thrice) (D:3)
  An iguana (D:7)
  A killer bee zombie (D:9)
  4 worker ant zombies
  13 adders
  4 gnolls
  7 river rats
  A shadow imp (D:8)
  4 oozes
  An adder skeleton (D:8)
  2 adder zombies
  5 worms
  7 leopard geckos
  46 orcs
  5 ball pythons
  9 bats
  3 giant cockroaches
  6 hobgoblins
  11 jackals
  21 kobolds
  4 quokkas
  5 frilled lizards
  5 goblins
  A jackal skeleton (D:5)
  A leopard gecko skeleton (D:2)
  3 quokka skeletons
  A quokka zombie (D:8)
  19 rats
281 creatures vanquished.

Vanquished Creatures (others)
  12 fungi (D:8)
  A plant (D:8)
13 creatures vanquished.

Grand Total: 294 creatures vanquished

Notes
Turn   | Place    | Note
-------+----------+-------------------------------------------
     0 | D:1      | Kagalorn the Octopode Venom Mage began the quest for the
                  | Orb.
     0 | D:1      | Reached XP level 1. HP: 11/11 MP: 3/3
   151 | D:1      | Reached XP level 2. HP: 17/17 MP: 1/5
   235 | D:1      | Reached skill level 3 in Stealth
   308 | D:1      | Reached XP level 3. HP: 15/21 MP: 0/6
   321 | D:1      | Learned a level 2 spell: Poisonous Vapours
  1133 | D:2      | Reached XP level 4. HP: 25/27 MP: 0/7
  2143 | D:3      | Reached XP level 5. HP: 17/31 MP: 1/8
  2546 | D:3      | Reached skill level 1 in Air Magic
  2546 | D:3      | Reached skill level 5 in Poison Magic
  2549 | D:3      | Reached skill level 4 in Stealth
  2933 | D:3      | Noticed Natasha
  2937 | D:3      | Killed Natasha
  2937 | D:3      | Reached XP level 6. HP: 36/36 MP: 3/10
  3031 | D:3      | Noticed Natasha
  3033 | D:3      | Killed Natasha
  3103 | D:3      | Noticed Natasha
  3107 | D:3      | Killed Natasha
  3135 | D:3      | Found a runed translucent gate.
  3135 | D:3      | Found a runed translucent gate.
  3136 | D:3      | Found a runed translucent gate.
  3137 | D:3      | Noticed Tartanist's ghost (amateur OpWz)
  3321 | D:4      | Found a shimmering blue altar of Sif Muna.
  3329 | D:4      | Became a worshipper of Sif Muna the Loreminder
  3334 | D:4      | Reached skill level 5 in Stealth
  3350 | D:4      | Identified Sif Muna's Catalogue of Flight
  3629 | D:3      | Learned a level 3 spell: Mephitic Cloud
  3749 | D:4      | Reached XP level 7. HP: 36/41 MP: 3/12
  4013 | D:4      | Reached skill level 1 in Invocations
  4445 | D:4      | Reached skill level 6 in Stealth
  4746 | D:5      | Entered Level 5 of the Dungeon
  4832 | D:5      | Reached * piety under Sif Muna
  5047 | D:5      | Reached XP level 8. HP: 46/46 MP: 4/14
  5498 | D:6      | Noticed a hippogriff
  5507 | D:6      | Killed a hippogriff
  5507 | D:6      | Reached skill level 7 in Stealth
  5561 | D:6      | Reached skill level 5 in Dodging
  5602 | D:6      | Got a blackened long sword
  5763 | D:6      | Reached ** piety under Sif Muna
  5846 | D:6      | Found a glowing drain.
  5850 | Sewer    | Entered a sewer
  6067 | Sewer    | Reached skill level 5 in Spellcasting
  6159 | D:6      | Reached skill level 8 in Stealth
  6333 | D:6      | Reached XP level 9. HP: 24/51 MP: 16/16
  6698 | D:7      | Found a staircase to the Ecumenical Temple.
  6713 | Temple   | Entered the Ecumenical Temple
  7068 | D:7      | Identified the +1 long sword "Gyturit" {drain, rElec} (You
                  | found it on level 6 of the Dungeon)
  7721 | D:8      | Found a staircase to the Lair.
  7758 | D:8      | Reached skill level 5 in Invocations
  7962 | D:8      | Reached skill level 9 in Stealth
  8328 | D:8      | Noticed Maurice
  8593 | D:8      | Reached *** piety under Sif Muna
  8700 | D:7      | Killed Maurice
  8826 | D:8      | Reached skill level 10 in Stealth
  8826 | D:8      | Reached XP level 10. HP: 56/56 MP: 10/19
  8884 | D:8      | Noticed Erica
  8898 | D:8      | Killed Erica
  9276 | D:9      | Found Ykoalam's Armour Shoppe.
  9356 | D:9      | Found a staircase to the Orcish Mines.
  9361 | D:9      | Found Ehezum's Gadget Boutique.
  9472 | D:9      | Noticed Erolcha
  9491 | D:9      | Killed Erolcha
  9509 | D:9      | Found Husik's Armour Shoppe.
  9583 | D:9      | Found a shimmering altar of Xom.
  9589 | D:9      | Found a sacrificial altar of Ru.
  9852 | D:9      | Found a shimmering altar of Xom.
 10017 | D:10     | Entered Level 10 of the Dungeon
 10177 | D:10     | Reached **** piety under Sif Muna
 10178 | D:10     | HP: 2/56 [orc warrior/+0 war axe (23)]
 11099 | D:10     | Reached XP level 11. HP: 58/61 MP: 14/23
 11521 | D:10     | Learned a level 5 spell: Summon Mana Viper
 11636 | D:10     | Reached skill level 1 in Hexes
 11636 | D:10     | Reached skill level 1 in Summonings
 11958 | D:10     | Noticed a three-headed hydra
 11984 | D:10     | Slain by an orc

Levels and vault maps discovered:
D:1:      lightli_arrival_statue_moat, layout_loops_ring, hex_tiny
D:2:      layout_basic, first_ration
D:3:      layout_rooms, ebering_ghost_rock_garden, uniq_natasha
D:4:      layout_rooms, serial_glass, glass_columns_a, glass_columns_b,
          glass_columns_b, glass_columns_a, glass_columns_c, glass_columns_c,
          glass_columns_c, glass_columns_c, led_sif_book
D:5:      layout_basic
D:6:      layout_rooms, lightli_sewer_entry_pipes,
          minmay_a_box_with_orc_wizards_in_it
D:7:      layout_layer_cave, minmay_temple_entry_statues
D:8:      layout_basic, due_lair_maze_entry_diamond, uniq_maurice, uniq_erica
D:9:      layout_roguey, grunt_temple_overflow_open, orc_david_3, serial_shops,
          nicolae_shop_behind_doors, nicolae_shop_statue_plus, basic_altar,
          uniq_erolcha
D:10:     layout_irregular_city, hangedman_ranch [blue_anna_fruit_fields]
Temple:   regret_index_temple_chain_breaker

Skill      XL: |  1  2  3  4  5  6  7  8  9 10 11 |
---------------+----------------------------------+-----
Stealth        | 3 4 5 6 8 10 | 10.0
Poison Magic   | 4 5 |  5.0
Conjurations   | 2 |  2.0
Air Magic      | 1 2 |  2.0
Dodging        | 3 4 5 7 8 9 |  9.1
Spellcasting   | 3 4 5 6 8 |  8.4
Invocations    | 2 4 6 8 9 |  9.0
Hexes          | 1 |  1.3
Summonings     | 1 |  1.3

Action                   |  1- 3 |  4- 6 |  7- 9 | 10-12 || total
-------------------------+-------+-------+-------+-------++-------
Melee: Short sword       |    26 |    51 |   109 |    63 ||   249
       Constrict         |     9 |    17 |    30 |    29 ||    85
       Tentacles         |     4 |    14 |    29 |    32 ||    79
       Dagger            |       |       |   116 |    89 ||   205
       Scimitar          |       |       |       |     1 ||     1
Throw: Stone             |       |       |     1 |     1 ||     2
       Dart              |       |       |       |     3 ||     3
 Cast: Sting             |    51 |    80 |    66 |       ||   197
       Poisonous Vapours |     1 |    40 |   121 |   125 ||   287
       Mephitic Cloud    |       |     1 |     1 |     9 ||    11
Evoke: Wand              |       |       |     1 |     3 ||     4
  Use: Scroll            |       |       |    13 |     3 ||    16
 Stab: Sleeping          |     1 |     1 |    14 |     7 ||    23
       Distracted        |       |       |     1 |       ||     1
       Confused          |       |       |       |    11 ||    11
  Eat: Chunk             |     1 |    11 |    14 |     6 ||    32
       Ration            |       |       |     3 |     1 ||     4
Armor: Skin              |     4 |     4 |    26 |    21 ||    55
Dodge: Dodged            |    19 |    53 |   167 |   136 ||   375
       Rpst.: Scimitar   |       |       |       |     2 ||     2
